 Dungeon Crawl Stone Soup version 0.28.0 (webtiles) character file.

Game seed: 17983217702328952389

82610 browni3141 the Warrior (level 15, -6/144 HPs)
             Began as a Minotaur Berserker on Feb 11, 2022.
             Was a High Priest of Trog.
             Mangled by a ghost moth (9 damage)
             ... on level 4 of the Lair of Beasts.
             The game lasted 00:18:10 (27723 turns).

browni3141 the Warrior (Minotaur Berserker)        Turns: 27723, Time: 00:18:11

Health: -6/144     AC: 21    Str: 30 (32) XL:     15   Next: 30%
Magic:  0/14       EV: 12    Int:  4 (5)  God:    Trog [*****.]
Gold:   514        SH: 37    Dex: 18      Spells: 14/14 levels left

rFire   + + +      SeeInvis .   S - +4 broad axe (freeze)
rCold   . . .      Faith    .   L - +18 shield of the Gong {rElec rN+ Will+ EV-5}
rNeg    + + +      Spirit   .   E - +1 fire dragon scales
rPois   .          Reflect  +   (helmet restricted)
rElec   +          Harm     .   D - +2 cloak
rCorr   .          Rampage  .   P - +0 pair of gloves
Will    ++...                   (no boots)
Stlth   +.........              W - amulet of Fyprixt {Reflect *Slow rC+ rN+ Str+4 SH+5}
HPRegen 0.34/turn               c - ring of Midnight {rF+ Str+5 Stlth+}
MPRegen 0.14/turn               H - ring of the Octopus King {rN+ AC+1 EV+1 Str+1 Int+1 Dex+1}

@: lethally poisoned (-6 -> -10), about to teleport, on berserk cooldown,
slowed, very slow
A: horns 2, retaliatory headbutt, beak, hooves 1, noise suppression
a: Renounce Religion, Berserk, Trog's Hand, Brothers in Arms


You were on level 4 of the Lair of Beasts.
You worshipped Trog.
Trog was extremely pleased with you.
You visited 4 branches of the dungeon, and saw 21 of its levels.

You collected 1966 gold pieces.
You spent 1452 gold pieces at shops.

Inventory:

Hand Weapons
 a - a +0 hand axe
 x - a +0 war axe
 y - a +3 war axe
 G - a +2 war axe of freezing
 S - a +4 broad axe of freezing (weapon)
 U - a +4 vorpal broad axe
Missiles
 t - 6 throwing nets (quivered)
Armour
 b - a +0 animal skin
 k - a +0 chain mail
 n - a +1 tower shield
 B - a +0 plate armour
 C - a +0 cloak
 D - a +2 cloak (worn)
 E - +1 fire dragon scales (worn)
 L - the +18 shield of the Gong (worn) {rElec rN+ Will+ EV-5}
   (You bought it in a shop on level 2 of the Orcish Mines)

   It is deafeningly noisy when blocking attacks.
   EV:        It affects your evasion (-5).
   rElec:     It insulates you from electricity.
   rN:        It protects you from negative energy.
   Will:      It increases your willpower.
 P - a +0 pair of gloves (worn)
Jewellery
 c - the ring of Midnight (left hand) {rF+ Str+5 Stlth+}
   (You acquired it on level 11 of the Dungeon)

   [ring of protection from fire]

   Str:       It affects your strength (+5).
   rF:        It protects you from fire.
   Stlth:     It makes you more stealthy.
 u - a ring of positive energy
 w - a +4 ring of protection
 H - a ring of the Octopus King (right hand) {rN+ AC+1 EV+1 Str+1 Int+1 Dex+1}
   (You found it on level 10 of the Dungeon)

   [ring of positive energy]

   AC:        It affects your AC (+1).
   EV:        It affects your evasion (+1).
   Str:       It affects your strength (+1).
   Int:       It affects your intelligence (+1).
   Dex:       It affects your dexterity (+1).
   rN:        It protects you from negative energy.
 W - the amulet of Fyprixt (around neck) {Reflect *Slow rC+ rN+ Str+4 SH+5}
   (You found it on level 5 of the Lair of Beasts)

   [amulet of reflection]

   It reflects blocked missile attacks.
   Str:       It affects your strength (+4).
   rC:        It protects you from cold.
   rN:        It protects you from negative energy.
   *Slow:     It may slow you when you take damage.
   SH:        It affects your SH (+5).
Wands
 e - a wand of mindburst (20)
 q - a wand of iceblast (6)
 v - a wand of polymorph (22)
 F - a wand of paralysis (13)
 K - a wand of flame (30)
 T - a wand of acid (10)
Scrolls
 d - 7 scrolls of noise
 f - 4 scrolls of immolation
 g - a scroll of amnesia
 j - 8 scrolls of teleportation
 o - 2 scrolls of fog
 p - 2 scrolls of vulnerability
 Q - a scroll of torment
 V - a scroll of enchant weapon
 X - 2 scrolls of magic mapping
 Y - 2 scrolls of silence
Potions
 h - a potion of magic
 i - 3 potions of mutation
 l - 4 potions of flight
 m - 2 potions of curing
 r - 3 potions of heal wounds {unknown}
 s - a potion of invisibility {unknown}
 z - a potion of haste {unknown}
 A - 14 potions of ambrosia
 I - a potion of lignification {unknown}
 J - a potion of cancellation {unknown}
 M - 2 potions of degeneration {unknown}
 N - 3 potions of attraction {unknown}
 O - 2 potions of brilliance {unknown}
 R - a potion of might


   Skills:
 * Level 16.2 Fighting
 * Level 16.1 Axes
 * Level 16.0 Armour
 + Level 10.9 Dodging
 + Level 14.5 Shields


You had 14 spell levels left.
You didn't know any spells.
Your spell library was empty.

Dungeon Overview and Level Annotations

Branches:
Dungeon (12/15)            Temple (0/1) D:6            Lair (6/6) D:10
  Swamp (0/4) Lair:2       Spider (1/4) Lair:4        Slime (0/5) Lair:6
    Orc (2/2) D:12            Elf (0/3) Orc:2

Altars:
Fedhas
Hepliaklqana
Okawaru
Uskayaw
Vehumet
Xom
Zin
Beogh

Shops:
D:5 (   Orc:2 [(*?


Innate Abilities, Weirdness & Mutations

You have a pair of horns on your head.
You reflexively headbutt those who attack you in melee.
You have a beak for a mouth.
You have large cloven feet.
You passively dampen the noise of your surroundings.


Message History

The wolf spider hits you.
* * * LOW HITPOINT WARNING * * *
The wolf spider bites you but does no damage.
Something hits you but does no damage. You block something's attack.
SHROANNG!
Something stings you but does no damage.
You are too injured to fight recklessly!
You are too injured to fight recklessly!
You are too injured to fight recklessly!
You are too injured to fight recklessly!
As you read the scroll of teleportation, it crumbles to dust.
You feel strangely unstable.
You feel very sick. You block the culicivora's attack.
GONNNNG!
You block the culicivora's attack.
BONNNG!
You block the wolf spider's attack.
GONNNNG!
You block the wolf spider's attack.
PTOANNNG!
The pharaoh ant bites you but does no damage.
The culicivora bites you but does no damage.
Something hits you.
* * * LOW HITPOINT WARNING * * *
You feel dopey. You block something's attack.
SHROANNG!
Something barely misses you. The wolf spider barely misses you.
The wolf spider bites you but does no damage.
The pharaoh ant misses you. You furiously retaliate!
You headbutt the pharaoh ant. The culicivora bites you!
* * * LOW HITPOINT WARNING * * *
You feel you are being watched by something.
You feel your power leaking away. Something hits you!
* * * LOW HITPOINT WARNING * * *
You feel weakened. Something hits you!
You die...

##..## ##... ######
##....###.#.. #.#P.####
#......###... ##.....#.#
#.....## #.#.
##.......####.....# ###..
##.......###.###...###....
####P......##...##.#.###.....
##.##.......##{....#.#.#......
#...#.......s@B.....#.#.....#.
#...........##s......#.#...#..
###..........###..##...#.#####.
#P..#........# ###.#...### ##..
##..........## #....^.# #P..
##.........# ##.....# #...
#...รท......# #...^.# #...
##........## ##...## ##...
#.......## ##.#####....


You could see a wolf spider, a culicivora (berserk) and a pharaoh ant.

Vanquished Creatures
  The ghost of browni3141 the Fighter, a journeyman MiBe of Trog (Lair:4)
  An entropy weaver (Lair:4)
  14 hydras
  The ghost of badtown22 the Cleaver, a journeyman DsBe of Trog (D:11)
  2 boulder beetles
  A catoblepas (Lair:3)
  A death knight (D:12)
  3 centaur warriors
  3 two-headed ogres
  18 death yaks
  2 orc high priests (Orc:2)
  A swamp dragon (Lair:6)
  Pikel (D:6)
  A deep elf pyromancer (D:12)
  9 orc knights (Orc:2)
  A moth of wrath (Spider:1)
  8 elephants
  5 black mambas
  11 cane toads
  An eye of devastation (Lair:6)
  4 rime drakes
  13 komodo dragons
  An unseen horror (D:10)
  3 trolls
  A kobold demonologist (D:11)
  A queen bee (D:9)
  2 hornets
  7 blink frogs
  Prince Ribbit (D:5)
  Grinder (D:4)
  5 slime creatures (D:12)
  7 culicivoras
  Sigmund (D:2)
  60 yaks
  2 shadows
  3 wyverns
  6 basilisks
  3 steam dragons
  4 redbacks
  3 swamp worms (Lair:2)
  10 wargs
  3 acid dragons
  25 water moccasins
  A floating eye (Lair:6)
  37 orc warriors
  An ice beast (D:5)
  3 swamp drakes (Lair:6)
  5 ogres
  A black bear (D:10)
  A necrophage (D:5)
  20 wolves
  13 centaurs
  2 lemures (D:6)
  22 kobold brigands
  Blork the orc (D:4)
  13 bullfrogs
  6 gnoll sergeants
  5 scorpions
  3 water moccasin skeletons
  31 killer bees
  4 howler monkeys
  5 wights (D:6)
  An electric eel (Lair:1)
  A centaur zombie (D:8)
  A bullfrog zombie (D:7)
  7 hounds
  20 orc priests
  2 gnoll shamans
  2 jellies
  A centaur skeleton (D:6)
  A bullfrog skeleton (D:6)
  30 orc wizards
  Natasha (thrice) (D:4)
  7 iguanas
  12 hell rats
  Robin (D:4)
  33 gnolls
  12 river rats (Lair:2)
  8 adders
  A howler monkey skeleton (D:5)
  An ufetubus (D:5)
  A worm (D:4)
  2 dart slugs
  94 orcs
  9 ball pythons
  4 bats
  3 endoplasms
  2 giant cockroaches
  10 goblins
  7 hobgoblins
  6 jackals
  20 kobolds
  14 quokkas
  3 frilled lizards (D:2)
  19 rats
763 creatures vanquished.

Vanquished Creatures (collateral kills)
  A fire dragon (Lair:6)
  An elephant (Lair:6)
  A basilisk (Lair:6)
  2 killer bees (D:9)
5 creatures vanquished.

Vanquished Creatures (others)
  An iguana (Lair:6)
  25 fungi
  58 plants
  2 withered plants (Lair:4)
86 creatures vanquished.

Grand Total: 854 creatures vanquished

Notes
Turn   | Place    | Note
-------+----------+-------------------------------------------
     0 | D:1      | browni3141 the Minotaur Berserker began the quest for the
                  | Orb.
     0 | D:1      | Reached XP level 1. HP: 19/19 MP: 0/0
   260 | D:1      | Reached XP level 2. HP: 27/27 MP: 1/1
  1043 | D:2      | Reached XP level 3. HP: 6/33 MP: 2/2
  1390 | D:2      | Noticed Sigmund
  1403 | D:2      | Killed Sigmund
  1404 | D:2      | Reached XP level 4. HP: 35/41 MP: 3/3
  1404 | D:2      | Reached XP level 5. HP: 41/47 MP: 4/4
  1678 | D:2      | Reached skill level 5 in Axes
  2052 | D:2      | Reached skill level 5 in Fighting
  2214 | D:3      | Reached ** piety under Trog
  2455 | D:3      | Noticed a floating eye
  2456 | D:3      | Found a faded altar of an unknown god.
  2461 | D:3      | Noticed a floating eye
  2465 | D:3      | Noticed a golden eye
  2465 | D:3      | Noticed a floating eye
  2645 | D:3      | Found a glowing silver altar of Zin.
  2648 | D:3      | Found a blossoming altar of Fedhas.
  2931 | D:4      | Noticed Grinder
  2953 | D:4      | Paralysed by Grinder for 2 turns
  2957 | D:4      | Paralysed by Grinder for 3 turns
  2961 | D:4      | Paralysed by Grinder for 4 turns
  2967 | D:4      | Killed Grinder
  2968 | D:4      | Reached XP level 6. HP: 7/56 MP: 5/5
  3191 | D:4      | Reached skill level 5 in Shields
  3191 | D:4      | Reached XP level 7. HP: 61/61 MP: 6/6
  3242 | D:4      | Noticed Natasha
  3248 | D:4      | Killed Natasha
  3492 | D:4      | Noticed Blork the orc
  3500 | D:4      | Killed Blork the orc
  3787 | D:4      | Noticed Robin
  3801 | D:4      | Killed Robin
  3827 | D:4      | Found a hide-covered altar of Uskayaw.
  4176 | D:4      | Noticed Natasha
  4186 | D:4      | Killed Natasha
  4198 | D:4      | Noticed Natasha
  4203 | D:4      | Killed Natasha
  4419 | D:5      | Entered Level 5 of the Dungeon
  4579 | D:5      | Found Fegicyhuf's Antique Weapon Boutique.
  4581 | D:5      | Reached XP level 8. HP: 68/68 MP: 7/7
  4702 | D:5      | Noticed Prince Ribbit
  5331 | D:5      | Killed Prince Ribbit
  5332 | D:5      | Reached skill level 10 in Shields
  5683 | D:5      | Reached skill level 5 in Armour
  5713 | D:5      | Reached *** piety under Trog
  6370 | D:5      | Reached XP level 9. HP: 67/75 MP: 8/8
  6894 | D:6      | Found a radiant altar of Vehumet.
  7274 | D:6      | Found a hazy altar of Hepliaklqana.
  7463 | D:6      | Found a staircase to the Ecumenical Temple.
  7534 | D:6      | Noticed Pikel
  7548 | D:6      | Killed Pikel
  7549 | D:6      | Reached skill level 5 in Dodging
  9014 | D:7      | Reached XP level 10. HP: 86/88 MP: 9/9
  9248 | D:8      | Paralysed by a hornet for 3 turns
  9719 | D:8      | Reached **** piety under Trog
 10324 | D:9      | Found an iron altar of Okawaru.
 10382 | D:9      | Gained mutation: You passively dampen the noise of your
                  | surroundings. [potion of mutation]
 10382 | D:9      | Gained mutation: You have a beak for a mouth. [potion of
                  | mutation]
 10382 | D:9      | Gained mutation: You have large cloven feet. [potion of
                  | mutation]
 10382 | D:9      | HP: 1/90 [killer bee (7)]
 11432 | D:9      | Paralysed by a hornet for 3 turns
 11655 | D:9      | Noticed a two-headed ogre
 11661 | D:9      | Killed a two-headed ogre
 11930 | D:9      | Reached XP level 11. HP: 97/97 MP: 10/10
 12068 | D:9      | Noticed a two-headed ogre
 12076 | D:9      | Killed a two-headed ogre
 12137 | D:9      | Reached skill level 10 in Axes
 12395 | D:10     | Entered Level 10 of the Dungeon
 12458 | D:10     | Reached skill level 10 in Fighting
 12728 | D:10     | Found the ring of the Octopus King
 12737 | D:10     | Identified a ring of the Octopus King {rN+ AC+1 EV+1 Str+1
                  | Int+1 Dex+1}
 12838 | D:10     | Found a staircase to the Lair.
 12850 | Lair:1   | Entered Level 1 of the Lair of Beasts
 13021 | Lair:1   | Reached skill level 10 in Armour
 13664 | Lair:1   | Reached ***** piety under Trog
 14755 | Lair:2   | Noticed an eight-headed hydra
 14763 | Lair:2   | Killed a 12-headed hydra
 14764 | Lair:2   | Reached XP level 12. HP: 108/110 MP: 11/11
 15043 | Lair:2   | Noticed a six-headed hydra
 15050 | Lair:2   | Killed an eight-headed hydra
 15167 | Lair:2   | Found a staircase to the Swamp.
 15783 | Lair:2   | Noticed a six-headed hydra
 15791 | Lair:2   | Identified the +2 hand axe of the Insatiable Knives
                  | {vorpal, Fly rF+ Str+4 Dex-5} (Trog gifted it to you on
                  | level 2 of the Lair of Beasts)
 15791 | Lair:2   | Received a gift from Trog
 15795 | Lair:2   | Killed a ten-headed hydra
 15946 | Lair:3   | Noticed a death yak
 15946 | Lair:3   | Noticed a death yak
 15947 | Lair:3   | Noticed a death yak
 15947 | Lair:3   | Noticed a death yak
 15954 | Lair:3   | Killed a death yak
 15954 | Lair:3   | Noticed a death yak
 15954 | Lair:3   | Noticed a death yak
 15958 | Lair:3   | Killed a death yak
 15960 | Lair:3   | Killed a death yak
 15962 | Lair:3   | Noticed a catoblepas
 15963 | Lair:3   | Killed a death yak
 15986 | Lair:3   | Killed a death yak
 15987 | Lair:3   | Killed a death yak
 15997 | Lair:3   | Killed a catoblepas
 16414 | Lair:3   | Noticed an eight-headed hydra
 16426 | Lair:3   | Killed a 15-headed hydra
 16430 | Lair:3   | Reached XP level 13. HP: 105/119 MP: 12/12
 18289 | D:11     | Found a shimmering altar of Xom.
 18708 | D:11     | Found a runed translucent door.
 18732 | D:11     | Noticed badtown22's ghost (journeyman DsBe)
 18753 | D:11     | Killed badtown22's ghost
 19275 | D:11     | Identified a scroll of acquirement
 19278 | D:11     | Acquired the ring of Midnight {rF+ Str+5 Stlth+}
 20002 | D:12     | Found a staircase to the Orcish Mines.
 20833 | Lair:4   | Found a runed translucent door.
 20833 | Lair:4   | Noticed browni3141's ghost (journeyman MiBe)
 21365 | Lair:4   | Found a hole to the Spider Nest.
 21832 | Lair:4   | Killed browni3141's ghost
 21833 | Lair:4   | Reached XP level 14. HP: 133/133 MP: 13/13
 22018 | Lair:5   | Identified the amulet of Fyprixt {Reflect *Slow rC+ rN+
                  | Str+4 SH+5}
 22445 | Lair:5   | Received a gift from Trog
 23053 | Lair:6   | Entered Level 6 of the Lair of Beasts
 23063 | Lair:6   | Reached skill level 10 in Dodging
 23461 | Lair:6   | Reached skill level 15 in Axes
 23467 | Lair:6   | Reached skill level 15 in Fighting
 23551 | Lair:6   | Found a staircase to the Slime Pits.
 23552 | Lair:6   | Paralysed by a floating eye for 3 turns
 23608 | Lair:6   | Reached skill level 15 in Armour
 23651 | Lair:6   | HP: 6/135 [elephant (11)]
 25466 | Orc:1    | Entered Level 1 of the Orcish Mines
 25478 | Orc:1    | Received a gift from Trog
 25637 | Orc:1    | You fall into a shaft and drop 1 floor!
 25637 | Orc:2    | Entered Level 2 of the Orcish Mines
 25652 | Orc:2    | Found Kucoilud's Antique Armour Boutique.
 25657 | Orc:2    | Reached XP level 15. HP: 143/143 MP: 14/14
 25710 | Orc:2    | Found Nenel's Antique Weapon Emporium.
 26065 | Orc:2    | Found Qonlielu's General Store.
 26065 | Orc:2    | Found Veomnaxey's Magic Scroll Emporium.
 26194 | Orc:2    | Bought the +18 shield of the Gong {rElec rN+ Will+ EV-5}
                  | for 1362 gold pieces
 26194 | Orc:2    | Found the +18 shield of the Gong {rElec rN+ Will+ EV-5}
 26213 | Orc:2    | Bought a scroll of enchant armour for 90 gold pieces
 26738 | Orc:2    | Found a staircase to the Elven Halls.
 27326 | Spider:1 | Entered Level 1 of the Spider Nest
 27723 | Lair:4   | HP: 3/144 [something (8)]
 27723 | Lair:4   | Mangled by a ghost moth

Illustrated notes

Levels and vault maps discovered:
D:1:      minmay_arrival_four_circles, layout_basic, hangedman_decor_opposing,
          chequers_serial_rivers_room_b, minmay_misc_feat_alley
D:2:      layout_loops_ring, uniq_sigmund
D:3:      layout_rooms, nicolae_overflow_squiral,
          hellmonk_ecumenical_altar_watching_god
D:4:      layout_basic, lemuel_crystal_altar, uniq_blork_the_orc, uniq_robin,
          uniq_grinder, uniq_natasha
D:5:      layout_cave_pools, serial_gnoll_camp, gnoll_camp_huts_moat,
          gnoll_camp_mini_hut, gnoll_camp_mini_shop, gnoll_camp_mini_house,
          uniq_prince_ribbit1
D:6:      layout_loops_cross, nicolae_vehumet_altar_sigil,
          nzn_hepliaklqana_mist_gate, minmay_temple_entry_grid,
          nicolae_concentric_dashed_squares_wild, uniq_pikel
D:7:      layout_loops_corners
D:8:      minmay_flawed_box, layout_loops_ring,
          hangedman_abyss_or_decor_jellyfish_corner, minmay_misc_feat_pillars
D:9:      layout_roguey [special_room_bee], mainiacjoe_overflow_cross_hatched,
          minmay_unpleasant_kobolds
D:10:     layout_stronghold, grunt_lair_entry_orc_guard_hut,
          serial_co_window_serial, co_window_paths_a, co_window_corner_a,
          co_window_paths_a, co_window_paths_a, co_window_paths_a,
          co_window_of_opportunity_a, co_window_of_opportunity_a,
          co_window_paths_b, co_window_paths_b, co_window_unsneaky_path_e,
          co_window_broadway_a, co_window_corner_b, co_window_broadway_a,
          co_window_unsneaky_path_b, co_window_paths_d, glass_columns_b,
          glass_columns_b, glass_columns_a, glass_columns_a
D:11:     layout_roguey [special_room_kobold], ebering_ghost_reflecting_pool,
          roderic_roman_lattice, minmay_ruined_shrine
D:12:     layout_cave_pools, erik_orc_4, gauntlet_entry_generic, minivault_21
Lair:1:   layout_cave_shapes, serial_bayou_shore_a, lemuel_fruit_tree
Lair:2:   lemuel_ratsnest, layout_big_grid, palyth_hydra_swamp_entry
Lair:3:   layout_small_grid, cheibrodos_lair_reptile_den, grunt_megastairs_3
Lair:4:   layout_cave_pods, hellmonk_spider_entry_life_and_decay,
          gammafunk_ghost_grave
Lair:5:   layout_cave_pods, minmay_holes, infiniplex_staircase_pool_2,
          grunt_megastairs_5
Lair:6:   guppyfry_lair_end_dragon, layout_small_grid, minmay_slime_entry_eyes,
          st_stairs_11
Spider:1: layout_spider_delve, nicolae_spider_not_touching_you
Orc:1:    nicolae_orc_accident_2, layout_caves, nicolae_orc_rockfall,
          small_statue_alley_c
Orc:2:    st_orc_town, layout_diamond_mine, nicolae_orc_flooded_monolith,
          minmay_orc_temple_c

Skill      XL: |  1  2  3  4  5  6  7  8  9 10 11 12 13 14 15 |
---------------+----------------------------------------------+-----
Axes           | 4 5 6 8 9 11 12 14 15 16 | 16.1
Fighting       | 4 5 6 7 9 11 12 14 15 16 | 16.2
Armour         | 3 4 5 7 9 11 12 14 15 16 | 16.0
Dodging        | 3 4 5 6 7 8 9 10 | 10.9
Shields        | 4 5 8 10 11 12 13 14 | 14.5

Action                   |  1- 3 |  4- 6 |  7- 9 | 10-12 | 13-15 || total
-------------------------+-------+-------+-------+-------+-------++-------
Melee: Hand axe          |    41 |    99 |   249 |       |       ||   389
       Headbutt          |     6 |    19 |    67 |   125 |   179 ||   396
       Punch             |       |       |     1 |       |       ||     1
       War axe           |       |       |   103 |   573 |   208 ||   884
       Kick              |       |       |       |   141 |   258 ||   399
       Peck              |       |       |       |    98 |   159 ||   257
       Broad axe         |       |       |       |       |   533 ||   533
Invok: Berserk           |     2 |     2 |    13 |    18 |    23 ||    58
       Trog's Hand       |       |     2 |     1 |     1 |     3 ||     7
       Brothers in Arms  |       |       |       |     1 |     2 ||     3
  Use: Potion            |       |       |       |     3 |     2 ||     5
       Scroll            |       |       |       |       |    27 ||    27
 Stab: Sleeping          |       |     2 |       |       |       ||     2
       Petrified         |       |       |       |    13 |       ||    13
       Distracted        |       |       |       |     1 |       ||     1
       Petrifying        |       |       |       |     1 |       ||     1
Armor: Animal skin       |     9 |     1 |    11 |       |       ||    21
       Chain mail        |       |    34 |   167 |       |       ||   201
       Plate armour      |       |       |       |   360 |   293 ||   653
       Fire dragon scale |       |       |       |       |    39 ||    39
Dodge: Dodged            |    37 |    47 |   140 |   125 |   254 ||   603
Block: Tower shield      |       |       |   218 |   615 |   802 ||  1635
       Reflection        |       |       |       |       |     3 ||     3
       Kite shield       |       |       |       |       |   101 ||   101
